Pick #1

Connor Bedard
Pick #2

Leo Carlsson
Pick #3

Adam Fantilli
Pick #4

Matvei Michkov
Pick #5

David Reinbacher
Pick #6

William Smith
Pick #7

Zachary Benson
Pick #8

Ryan Leonard
Pick #9

Gabriel Perreault
Pick #10

Axel Sandin-Pellika
Pick #11

Daniil But
Pick #12

Dalibor Dvorsky
Pick #13

Quentin Musty
Pick #14

Brayden Yager
Pick #15

Dmitry Simashev
Pick #16

Colby Barlow
Pick #17

Andrew Cristall
Pick #18

Easton Cowan
Pick #19

Jacob Fowler
Pick #20

Oliver Moore
Pick #21

Oliver Bonk
Pick #22

Tom Willander
Pick #23

Calum Ritchie
Pick #24

Tanner Molendyk
Pick #25

Gavin Brindley
Pick #26

Nate Danielson
Pick #27

Pick #28

Pick #29

Pick #30

Pick #31

Pick #32

Pick #33

Pick #34

Pick #35

Pick #36

Pick #37

Pick #38

Pick #39

Pick #40

Pick #41

Pick #42

Pick #43

Pick #44

Pick #45

Pick #46

Pick #47

Pick #48

Pick #49

Pick #50

Pick #51

Pick #52

Pick #53

Pick #54

Pick #55

Pick #56

Pick #57

Pick #58

Pick #59

Pick #60

Pick #61

Pick #62

Pick #63

Pick #64

Pick #65

Pick #66

Pick #67

Pick #68

Pick #69

Pick #70

Pick #71

Pick #72

Pick #73

Pick #74

Pick #75

Pick #76

Pick #77

Pick #78

Pick #79

Pick #80

Pick #81

Pick #82

Pick #83

Pick #84

Pick #85

Pick #86

Pick #87

Pick #88

Pick #89

Pick #90

Pick #91

Pick #92

Pick #93

Pick #94

Pick #95

Pick #96

Pick #97

Pick #98

Pick #99

Pick #100

Pick #101

Pick #102

Pick #103

Pick #104

Pick #105

Pick #106

Pick #107

Pick #108

Pick #109

Pick #110

Pick #111

Pick #112

Pick #113

Pick #114

Pick #115

Pick #116

Pick #117

Pick #118

Pick #119

Pick #120

Pick #121

Pick #122

Pick #123

Pick #124

Pick #125

Pick #126

Pick #127

Pick #128

Pick #129

Pick #130

Full Scoreboard »»

Blues vs Golden Knights (R4)

Created - March 16, 2024 at 12:21

Goals
1 2 3 OT1 T
Blues 2 2 1 1 6
Golden Knights 2 2 1 0 5
Shots
1 2 3 OT1 T
Blues 8 7 10 2 27
Golden Knights 8 9 11 0 28

GoalsPenalties
1st period
1. Blues , Anthony DeAngelo 9 (Cale Makar 55, Yanni Gourde 26) at 6:10 (PP)
2. Golden Knights , Jake Evans 1 (Sean Walker 4, Travis Hamonic 13) at 10:31
3. Golden Knights , T.J. Oshie 12 (Miro Heiskanen 46, Zach Werenski 56) at 10:43
4. Blues , Clayton Keller 29 (Filip Hronek 29, Nico Hischier 54) at 16:07
Sean Walker (VGK) for Holding (Minor) at 4:50
Jakob Chychrun (VGK) for Holding (Minor) at 6:19
Kris Letang (STL) for Tripping (Minor) at 11:51
Jakob Chychrun (VGK) for Hooking (Minor) at 19:29
2nd period
5. Blues , Cale Makar 15 (Anthony DeAngelo 28, Auston Matthews 40) at 0:52 (PP)
6. Blues , Cale Makar 16 (Kris Letang 36, Alex Newhook 7) at 1:36
7. Golden Knights , Tomas Hertl 24 (Jakob Chychrun 34) at 2:05 (PP)
8. Golden Knights , T.J. Oshie 13 (Adam Boqvist 24, Jakob Chychrun 35) at 9:43 (PP)
Curtis Lazar (STL) for Interference (Minor) at 1:55
Curtis Lazar (STL) for Goalie Interference (Minor) at 2:34
Curtis Lazar (STL) for Roughing (Minor) at 6:35
Nico Hischier (STL) for Tripping (Minor) at 8:12
3rd period
9. Golden Knights , Derek Grant 4 (Adam Boqvist 25, Jakob Chychrun 36) at 7:34
10. Blues , Jack Eichel 20 (Cale Makar 56, Logan Couture 30) at 17:01
Carson Soucy (STL) for Roughing (Minor) at 3:05
Jack Roslovic (VGK) for Hooking (Minor) at 9:01
Clayton Keller (STL) for Charging (Minor) at 12:26
Marcus Foligno (VGK) for Roughing (Minor) at 12:41
Jakob Chychrun (VGK) for Slashing (Double Minor) at 18:39
Overtime #1
11. Blues , Clayton Keller 30 (Kris Letang 37, Cale Makar 57) at 1:03 (PP)
No Penalty
Goalie Stats
Carter Hart (STL), 23 saves from 28 shots - (0.821), W, 19-17-4, 61:04 minutes
Thomas Greiss (VGK), 14 saves from 16 shots - (0.875), OTL, 7-1-1, 39:28 minutes
Ukko-Pekka Luukkonen (VGK), 7 saves from 11 shots - (0.636), 21:36 minutes
3 StarsOfficial
1 - Cale Makar (STL)
2 - T.J. Oshie (VGK)
3 - Clayton Keller (STL)
Referees : Ben O'Quinn and Brad Meier
Linesman : Dennis Urban and Justin Cornell
Game Note
Thomas Greiss enters game at 1:36 of 2nd period
Nico Hischier is injured at 15:48 of 2nd period (Strained Left Elbow)
Finance
Level 1 -- Attendance: 6500 (100.00%) -- Ticket Income $715,000
Level 2 -- Attendance: 4418 (88.36%) -- Ticket Income $362,276
Level 3 -- Attendance: 3048 (87.09%) -- Ticket Income $192,024
Level 4 -- Attendance: 2897 (81.91%) -- Ticket Income $57,940
Luxury Box -- Attendance: 881 (88.10%) -- Ticket Income $198,225
Game was played at the T-Mobile Arena.
Total Attendance: 17744 (90.82%)
Total Ticket Income: $1,525,465
Other Income: $381,366
Total Income: $1,906,831



Team Name Goals Shots Shots Attemp Shots Blocked PIM HIT PP PK FO%
Blues 62758814193 / 7 (43%)242%
Golden Knights 52857914352 / 7 (29%)358%

Blues
Player Name POS G A P +/- PIM HIT SHT SB MP PP MP PP SHT PK MP PK SHT FO% FOT
Alec MartinezD000-1002121:110:1505:2500% 0
Alex NewhookC0111010014:532:4703:51036% 11
Anthony DeAngeloD1120001114:122:4710:3700% 0
Auston MatthewsC0111040020:234:0500:40044% 9
Cale MakarD2351023323:582:3214:2700% 0
Carson SoucyD0000200010:000:0000:1200% 0
Clayton KellerRW2021205019:555:4400:0000% 0
Craig SmithC000-1000011:340:5300:00075% 4
Curtis LazarC000-1620015:300:0002:35044% 18
Filip HronekD011-1001021:160:0004:4600% 0
Jack EichelC101-1006018:425:4410:00067% 3
Kris LetangD0221211126:005:2913:3300% 0
Logan CoutureC011-1054020:165:2910:00040% 5
Miles WoodLW000100004:030:0000:0000% 0
Nico HischierC0111210213:183:0301:15033% 18
Sean MonahanC000-1022014:450:0004:59038% 21
Steven LorentzC000100009:200:0005:1700% 1
Yanni GourdeC011-1012013:172:3210:000100% 1
Golden Knights
Player Name POS G A P +/- PIM HIT SHT SB MP PP MP PP SHT PK MP PK SHT FO% FOT
Adam BoqvistD0220021023:554:1403:4100% 0
Austin WatsonLW000100105:240:0000:5800% 0
Derek GrantC101100308:290:1903:44058% 12
Jack RoslovicC000-3200121:034:0603:27055% 22
Jake EvansC1011013115:421:0005:24072% 18
Jakob ChychrunD0330851321:094:1400:5800% 0
Kirby DachC000-3030017:554:2400:0000% 1
Marcus FolignoLW0001295018:554:4620:120100% 2
Mark StoneRW000-3014018:154:2410:0000% 1
Mattias JanmarkC000100004:260:0000:0000% 0
Miro HeiskanenD011-1032327:215:1625:3900% 0
Rafael Harvey-PinardLW000100109:180:0000:00067% 3
Sean WalkerD0111210012:240:0002:3700% 0
T.J. OshieRW2021032018:444:4710:00050% 2
Tomas HertlC1011014021:404:4321:58053% 30
Travis HamonicD011102009:540:0000:0600% 0
Vladislav NamestnikovC0001030011:110:0001:5300% 0
Zach WerenskiD011-1011127:215:1615:3900% 0



Play-by-Play

1st period


0:01 of 1st period - Nico Hischier wins face-off versus Tomas Hertl in neutral zone.
0:31 of 1st period - Shot by Tomas Hertl.
0:31 of 1st period - Shot Misses the Net.
1:13 of 1st period - Shot by Jack Roslovic.
1:13 of 1st period - Shot Blocked by Nico Hischier.
1:23 of 1st period - Shot by Kirby Dach.
1:23 of 1st period - Shot Blocked by Cale Makar.
1:42 of 1st period - Icing by Cale Makar.
1:43 of 1st period - Nico Hischier wins face-off versus Rafael Harvey-Pinard in Blues zone.
3:11 of 1st period - Shot by Derek Grant.
3:11 of 1st period - Stopped by Carter Hart without a rebound.
3:12 of 1st period - Craig Smith wins face-off versus T.J. Oshie in Blues zone.
3:29 of 1st period - Shot by Marcus Foligno.
3:29 of 1st period - Deflect By Tomas Hertl.
3:29 of 1st period - Stopped by Carter Hart without a rebound.
3:30 of 1st period - Alex Newhook wins face-off versus Jack Roslovic in Blues zone.
3:30 of 1st period - Alex Newhook is hit by Kirby Dach.
3:33 of 1st period - Miles Wood is hit by Kirby Dach.
4:27 of 1st period - Shot by Yanni Gourde.
4:27 of 1st period - Shot Misses the Net.
4:42 of 1st period - Yanni Gourde is hit by Travis Hamonic and loses puck.
4:50 of 1st period - Minor Penalty to Sean Walker for Holding.
4:51 of 1st period - Jake Evans wins face-off versus Nico Hischier in Golden Knights zone.
4:51 of 1st period - Jake Evans is hit by Logan Couture.
6:00 of 1st period - Zach Werenski is hit by Auston Matthews.
6:10 of 1st period - Shot by Anthony DeAngelo.
6:10 of 1st period - Goal by Anthony DeAngelo - Blues : 1 - Golden Knights : 0.
6:11 of 1st period - Sean Monahan wins face-off versus Tomas Hertl in neutral zone.
6:13 of 1st period - Yanni Gourde is hit by Marcus Foligno and loses puck.
6:19 of 1st period - Minor Penalty to Jakob Chychrun for Holding.
6:20 of 1st period - Auston Matthews wins face-off versus Derek Grant in Golden Knights zone.
7:10 of 1st period - Off-side.
7:11 of 1st period - Jake Evans wins face-off versus Nico Hischier in neutral zone.
7:21 of 1st period - Icing by Logan Couture.
7:22 of 1st period - Jake Evans wins face-off versus Nico Hischier in Blues zone.
7:43 of 1st period - Sean Walker is hit by Logan Couture and loses puck.
7:52 of 1st period - Shot by Kris Letang.
7:52 of 1st period - Shot Misses the Net.
7:54 of 1st period - Shot by Logan Couture.
7:54 of 1st period - Stopped by Ukko-Pekka Luukkonen without a rebound.
7:55 of 1st period - Auston Matthews wins face-off versus Derek Grant in Golden Knights zone.
8:25 of 1st period - Logan Couture is hit by Jakob Chychrun and loses puck.
8:28 of 1st period - Shot by Jack Eichel.
8:28 of 1st period - Shot Misses the Net.
8:43 of 1st period - Tomas Hertl is hit by Logan Couture and loses puck.
8:52 of 1st period - Shot by Jack Eichel.
8:52 of 1st period - Shot Misses the Net.
8:58 of 1st period - Shot by Logan Couture.
8:58 of 1st period - Stopped by Ukko-Pekka Luukkonen with a rebound.
9:25 of 1st period - Mark Stone is hit by Cale Makar and loses puck.
9:59 of 1st period - Icing by Cale Makar.
10:00 of 1st period - Nico Hischier wins face-off versus Jake Evans in Blues zone.
10:00 of 1st period - Auston Matthews is hit by Vladislav Namestnikov and loses puck.
10:04 of 1st period - Icing by Cale Makar.
10:05 of 1st period - Nico Hischier wins face-off versus Jake Evans in Blues zone.
10:05 of 1st period - Nico Hischier is hit by Vladislav Namestnikov.
10:08 of 1st period - Icing by Kris Letang.
10:09 of 1st period - Nico Hischier wins face-off versus Jake Evans in Blues zone.
10:09 of 1st period - Nico Hischier is hit by Jake Evans.
10:31 of 1st period - Shot by Jake Evans.
10:31 of 1st period - Goal by Jake Evans - Blues : 1 - Golden Knights : 1.
10:32 of 1st period - Tomas Hertl wins face-off versus Curtis Lazar in neutral zone.
10:43 of 1st period - Shot by T.J. Oshie.
10:43 of 1st period - Goal by T.J. Oshie - Blues : 1 - Golden Knights : 2.
10:44 of 1st period - Jake Evans wins face-off versus Sean Monahan in neutral zone.
10:44 of 1st period - Miro Heiskanen is hit by Yanni Gourde and loses puck.
11:26 of 1st period - Icing by Anthony DeAngelo.
11:27 of 1st period - Sean Monahan wins face-off versus Tomas Hertl in Blues zone.
11:27 of 1st period - Sean Monahan is hit by Marcus Foligno.
11:51 of 1st period - Minor Penalty to Kris Letang for Tripping.
11:52 of 1st period - Tomas Hertl wins face-off versus Sean Monahan in Blues zone.
12:12 of 1st period - Shot by Miro Heiskanen.
12:12 of 1st period - Stopped by Carter Hart without a rebound.
12:13 of 1st period - Curtis Lazar wins face-off versus Jack Roslovic in Blues zone.
12:13 of 1st period - Alec Martinez is hit by Marcus Foligno and loses puck.
12:22 of 1st period - Shot by T.J. Oshie.
12:22 of 1st period - Shot Misses the Net.
12:41 of 1st period - Shot by Jakob Chychrun.
12:41 of 1st period - Shot Misses the Net.
12:43 of 1st period - Shot by T.J. Oshie.
12:43 of 1st period - Shot Misses the Net.
13:30 of 1st period - Shot by Tomas Hertl.
13:30 of 1st period - Stopped by Carter Hart without a rebound.
13:31 of 1st period - Sean Monahan wins face-off versus Tomas Hertl in Blues zone.
13:41 of 1st period - Kirby Dach is hit by Sean Monahan and loses puck.
13:57 of 1st period - Shot by Derek Grant.
13:57 of 1st period - Shot Blocked by Nico Hischier.
13:59 of 1st period - Shot by Mattias Janmark.
13:59 of 1st period - Deflect By Austin Watson.
13:59 of 1st period - Shot Misses the Net.
14:01 of 1st period - Shot by Austin Watson.
14:01 of 1st period - Shot Misses the Net.
14:03 of 1st period - Shot by Austin Watson.
14:03 of 1st period - Deflect By Derek Grant.
14:03 of 1st period - Stopped by Carter Hart with a rebound.
14:05 of 1st period - Shot by Derek Grant.
14:05 of 1st period - Shot Misses the Net.
14:07 of 1st period - Shot by Austin Watson.
14:07 of 1st period - Stopped by Carter Hart without a rebound.
14:08 of 1st period - Jake Evans wins face-off versus Sean Monahan in Blues zone.
15:09 of 1st period - Shot by Clayton Keller.
15:09 of 1st period - Stopped by Ukko-Pekka Luukkonen without a rebound.
15:10 of 1st period - Curtis Lazar wins face-off versus Tomas Hertl in Golden Knights zone.
15:11 of 1st period - Shot by Jack Eichel.
15:11 of 1st period - Stopped by Ukko-Pekka Luukkonen without a rebound.
15:12 of 1st period - Curtis Lazar wins face-off versus Tomas Hertl in Golden Knights zone.
15:22 of 1st period - Icing by Miro Heiskanen.
15:23 of 1st period - Tomas Hertl wins face-off versus Nico Hischier in Golden Knights zone.
15:23 of 1st period - Tomas Hertl is hit by Nico Hischier.
15:35 of 1st period - Icing by Clayton Keller.
15:36 of 1st period - Jack Roslovic wins face-off versus Nico Hischier in Blues zone.
15:45 of 1st period - Shot by Mark Stone.
15:45 of 1st period - Shot Misses the Net.
15:59 of 1st period - Shot by Auston Matthews.
15:59 of 1st period - Shot Blocked by Miro Heiskanen.
16:01 of 1st period - Shot by Clayton Keller.
16:01 of 1st period - Deflect By Nico Hischier.
16:01 of 1st period - Shot Hit the Post.
16:07 of 1st period - Shot by Clayton Keller.
16:07 of 1st period - Goal by Clayton Keller - Blues : 2 - Golden Knights : 2.
16:08 of 1st period - Curtis Lazar wins face-off versus Tomas Hertl in neutral zone.
16:08 of 1st period - Cale Makar is hit by Marcus Foligno and loses puck.
16:20 of 1st period - Kris Letang is hit by Marcus Foligno and loses puck.
16:42 of 1st period - Logan Couture is hit by T.J. Oshie and loses puck.
17:41 of 1st period - Icing by Auston Matthews.
17:42 of 1st period - Derek Grant wins face-off versus Auston Matthews in Blues zone.
17:49 of 1st period - Shot by Austin Watson.
17:49 of 1st period - Shot Misses the Net.
17:52 of 1st period - Icing by Filip Hronek.
17:53 of 1st period - Rafael Harvey-Pinard wins face-off versus Nico Hischier in Blues zone.
18:00 of 1st period - Shot by Jake Evans.
18:00 of 1st period - Shot Misses the Net.
18:38 of 1st period - Alex Newhook is hit by Travis Hamonic and loses puck.
19:04 of 1st period - Off-side.
19:05 of 1st period - Tomas Hertl wins face-off versus Curtis Lazar in neutral zone.
19:12 of 1st period - Shot by Jack Eichel.
19:12 of 1st period - Stopped by Ukko-Pekka Luukkonen without a rebound.
19:13 of 1st period - Marcus Foligno wins face-off versus Jack Eichel in Golden Knights zone.
19:28 of 1st period - Shot by Jack Eichel.
19:28 of 1st period - Stopped by Ukko-Pekka Luukkonen without a rebound.
19:29 of 1st period - Sean Monahan wins face-off versus Jack Roslovic in Golden Knights zone.
19:29 of 1st period - Minor Penalty to Jakob Chychrun for Hooking.
19:30 of 1st period - Jake Evans wins face-off versus Nico Hischier in Golden Knights zone.
19:30 of 1st period - Jake Evans is hit by Logan Couture.
19:54 of 1st period - Shot by Logan Couture.
19:54 of 1st period - Shot Blocked by Jack Roslovic.
19:56 of 1st period - Shot by Jack Eichel.
19:56 of 1st period - Shot Blocked by Jake Evans.
19:58 of 1st period - Shot by Logan Couture.
19:58 of 1st period - Shot Misses the Net.
Goals for this period are 2 for Blues vs 2 for Golden Knights.
Shots for this period are 8 for Blues vs 8 for Golden Knights.

2nd period


0:01 of 2nd period - Jake Evans wins face-off versus Nico Hischier in neutral zone.
0:21 of 2nd period - Jack Eichel is hit by Zach Werenski and loses puck.
0:46 of 2nd period - Shot by Kris Letang.
0:46 of 2nd period - Stopped by Ukko-Pekka Luukkonen without a rebound.
0:47 of 2nd period - Auston Matthews wins face-off versus Derek Grant in Golden Knights zone.
0:50 of 2nd period - Shot by Anthony DeAngelo.
0:50 of 2nd period - Shot Misses the Net.
0:52 of 2nd period - Shot by Cale Makar.
0:52 of 2nd period - Goal by Cale Makar - Blues : 3 - Golden Knights : 2.
0:53 of 2nd period - Yanni Gourde wins face-off versus Tomas Hertl in neutral zone.
0:56 of 2nd period - Zach Werenski is hit by Sean Monahan and loses puck.
1:09 of 2nd period - Shot by Marcus Foligno.
1:09 of 2nd period - Stopped by Carter Hart without a rebound.
1:10 of 2nd period - Jack Roslovic wins face-off versus Alex Newhook in Blues zone.
1:34 of 2nd period - Shot by Kris Letang.
1:34 of 2nd period - Shot Misses the Net.
1:36 of 2nd period - Shot by Cale Makar.
1:36 of 2nd period - Goal by Cale Makar - Blues : 4 - Golden Knights : 2.
1:36 of 2nd period - Thomas Greiss enters game.
1:37 of 2nd period - Jack Eichel wins face-off versus Tomas Hertl in neutral zone.
1:55 of 2nd period - Minor Penalty to Curtis Lazar for Interference.
1:56 of 2nd period - Tomas Hertl wins face-off versus Sean Monahan in Blues zone.
2:05 of 2nd period - Shot by Tomas Hertl.
2:05 of 2nd period - Goal by Tomas Hertl - Blues : 4 - Golden Knights : 3.
2:06 of 2nd period - Curtis Lazar wins face-off versus Jack Roslovic in neutral zone.
2:12 of 2nd period - Icing by Zach Werenski.
2:13 of 2nd period - Jack Roslovic wins face-off versus Curtis Lazar in Golden Knights zone.
2:13 of 2nd period - Jack Roslovic is hit by Curtis Lazar.
2:34 of 2nd period - Minor Penalty to Curtis Lazar for Goalie Interference.
2:35 of 2nd period - Jack Roslovic wins face-off versus Sean Monahan in Blues zone.
2:35 of 2nd period - Jakob Chychrun is hit by Cale Makar and loses puck.
2:58 of 2nd period - Shot by Adam Boqvist.
2:58 of 2nd period - Shot Blocked by Kris Letang.
3:45 of 2nd period - Kris Letang is hit by Kirby Dach and loses puck.
3:52 of 2nd period - Shot by Mark Stone.
3:52 of 2nd period - Stopped by Carter Hart without a rebound.
3:53 of 2nd period - Nico Hischier wins face-off versus Tomas Hertl in Blues zone.
3:53 of 2nd period - Nico Hischier is hit by Tomas Hertl.
4:47 of 2nd period - Shot by Jack Eichel.
4:47 of 2nd period - Stopped by Thomas Greiss without a rebound.
4:48 of 2nd period - Jake Evans wins face-off versus Nico Hischier in Golden Knights zone.
5:07 of 2nd period - Icing by Jake Evans.
5:08 of 2nd period - Curtis Lazar wins face-off versus Jake Evans in Golden Knights zone.
5:16 of 2nd period - Icing by Jakob Chychrun.
5:17 of 2nd period - Jake Evans wins face-off versus Curtis Lazar in Golden Knights zone.
5:25 of 2nd period - Icing by Jakob Chychrun.
5:26 of 2nd period - Rafael Harvey-Pinard wins face-off versus Nico Hischier in Golden Knights zone.
5:49 of 2nd period - Shot by Vladislav Namestnikov.
5:49 of 2nd period - Deflect By Jake Evans.
5:49 of 2nd period - Stopped by Carter Hart without a rebound.
5:50 of 2nd period - Tomas Hertl wins face-off versus Curtis Lazar in Blues zone.
6:12 of 2nd period - Icing by Kris Letang.
6:13 of 2nd period - Logan Couture wins face-off versus Jack Roslovic in Blues zone.
6:35 of 2nd period - Minor Penalty to Curtis Lazar for Roughing.
6:36 of 2nd period - Marcus Foligno wins face-off versus Sean Monahan in Blues zone.
6:39 of 2nd period - Shot by Zach Werenski.
6:39 of 2nd period - Shot Misses the Net.
6:41 of 2nd period - Shot by Miro Heiskanen.
6:41 of 2nd period - Stopped by Carter Hart without a rebound.
6:42 of 2nd period - Sean Monahan wins face-off versus Tomas Hertl in Blues zone.
7:41 of 2nd period - Shot by Adam Boqvist.
7:41 of 2nd period - Shot Misses the Net.
7:53 of 2nd period - Shot by Jakob Chychrun.
7:53 of 2nd period - Shot Misses the Net.
7:55 of 2nd period - Shot by Marcus Foligno.
7:55 of 2nd period - Stopped by Carter Hart without a rebound.
7:56 of 2nd period - Jack Roslovic wins face-off versus Sean Monahan in Blues zone.
7:57 of 2nd period - Shot by Adam Boqvist.
7:57 of 2nd period - Shot Misses the Net.
8:12 of 2nd period - Minor Penalty to Nico Hischier for Tripping.
8:13 of 2nd period - Tomas Hertl wins face-off versus Auston Matthews in Blues zone.
8:32 of 2nd period - Shot by Mark Stone.
8:32 of 2nd period - Shot Blocked by Alec Martinez.
8:59 of 2nd period - Icing by Jack Roslovic.
9:00 of 2nd period - T.J. Oshie wins face-off versus Sean Monahan in Golden Knights zone.
9:41 of 2nd period - Shot by Adam Boqvist.
9:41 of 2nd period - Shot Blocked by Cale Makar.
9:43 of 2nd period - Shot by T.J. Oshie.
9:43 of 2nd period - Goal by T.J. Oshie - Blues : 4 - Golden Knights : 4.
9:44 of 2nd period - Derek Grant wins face-off versus Nico Hischier in neutral zone.
10:26 of 2nd period - Zach Werenski is hit by Auston Matthews and loses puck.
11:39 of 2nd period - Cale Makar is hit by Marcus Foligno and loses puck.
11:46 of 2nd period - Jakob Chychrun is hit by Logan Couture and loses puck.
11:58 of 2nd period - Filip Hronek is hit by Marcus Foligno and loses puck.
12:21 of 2nd period - Shot by Craig Smith.
12:21 of 2nd period - Shot Misses the Net.
12:23 of 2nd period - Shot by Sean Monahan.
12:23 of 2nd period - Stopped by Thomas Greiss with a rebound.
12:25 of 2nd period - Shot by Filip Hronek.
12:25 of 2nd period - Shot Misses the Net.
12:29 of 2nd period - Shot by Sean Monahan.
12:29 of 2nd period - Stopped by Thomas Greiss without a rebound.
12:30 of 2nd period - Jack Roslovic wins face-off versus Nico Hischier in Golden Knights zone.
13:35 of 2nd period - Icing by Travis Hamonic.
13:36 of 2nd period - Sean Monahan wins face-off versus Derek Grant in Golden Knights zone.
13:43 of 2nd period - Shot by Yanni Gourde.
13:43 of 2nd period - Shot Misses the Net.
13:48 of 2nd period - Off-side.
13:49 of 2nd period - Tomas Hertl wins face-off versus Curtis Lazar in neutral zone.
13:56 of 2nd period - Shot by Marcus Foligno.
13:56 of 2nd period - Shot Misses the Net.
14:01 of 2nd period - Cale Makar is hit by Jakob Chychrun and loses puck.
14:19 of 2nd period - Logan Couture is hit by Jakob Chychrun.
14:45 of 2nd period - Shot by Mark Stone.
14:45 of 2nd period - Stopped by Carter Hart without a rebound.
14:46 of 2nd period - Jack Roslovic wins face-off versus Sean Monahan in Blues zone.
15:40 of 2nd period - Shot by Auston Matthews.
15:40 of 2nd period - Shot Misses the Net.
15:47 of 2nd period - Nico Hischier is hit by Miro Heiskanen.
15:48 of 2nd period - Nico Hischier from Blues is injured at 15:48 of 2nd period (Strained Left Elbow).
15:49 of 2nd period - Tomas Hertl wins face-off versus Alex Newhook in Golden Knights zone.
16:06 of 2nd period - Shot by Cale Makar.
16:06 of 2nd period - Shot Blocked by Jakob Chychrun.
16:38 of 2nd period - Cale Makar is hit by Marcus Foligno and loses puck.
17:03 of 2nd period - Shot by Rafael Harvey-Pinard.
17:03 of 2nd period - Stopped by Carter Hart without a rebound.
17:04 of 2nd period - Craig Smith wins face-off versus Derek Grant in Blues zone.
17:06 of 2nd period - Icing by Clayton Keller.
17:07 of 2nd period - Craig Smith wins face-off versus Jack Roslovic in Blues zone.
18:03 of 2nd period - Icing by Mark Stone.
18:04 of 2nd period - Jack Eichel wins face-off versus Jack Roslovic in Golden Knights zone.
18:04 of 2nd period - Jack Eichel is hit by Miro Heiskanen.
18:22 of 2nd period - Shot by Jack Eichel.
18:22 of 2nd period - Shot Hit the Post.
18:50 of 2nd period - Jack Eichel is hit by Jakob Chychrun and loses puck.
19:17 of 2nd period - Travis Hamonic is hit by Curtis Lazar and loses puck.
19:42 of 2nd period - Shot by Auston Matthews.
19:42 of 2nd period - Shot Hit the Post.
19:44 of 2nd period - Shot by Alec Martinez.
19:44 of 2nd period - Stopped by Thomas Greiss without a rebound.
19:45 of 2nd period - Derek Grant wins face-off versus Sean Monahan in Golden Knights zone.
Goals for this period are 2 for Blues vs 2 for Golden Knights.
Shots for this period are 7 for Blues vs 9 for Golden Knights.

3rd period


0:01 of 3rd period - Tomas Hertl wins face-off versus Alex Newhook in neutral zone.
0:01 of 3rd period - T.J. Oshie is hit by Alex Newhook and loses puck.
0:53 of 3rd period - Icing by Alec Martinez.
0:54 of 3rd period - Jack Roslovic wins face-off versus Alex Newhook in Blues zone.
1:58 of 3rd period - Shot by Yanni Gourde.
1:58 of 3rd period - Shot Blocked by Jakob Chychrun.
3:05 of 3rd period - Minor Penalty to Carson Soucy for Roughing.
3:06 of 3rd period - Jake Evans wins face-off versus Sean Monahan in Blues zone.
3:32 of 3rd period - Icing by Miro Heiskanen.
3:33 of 3rd period - Jake Evans wins face-off versus Steven Lorentz in Golden Knights zone.
3:46 of 3rd period - Shot by Zach Werenski.
3:46 of 3rd period - Stopped by Carter Hart without a rebound.
3:47 of 3rd period - Tomas Hertl wins face-off versus Curtis Lazar in Blues zone.
4:43 of 3rd period - Shot by Marcus Foligno.
4:43 of 3rd period - Shot Misses the Net.
4:45 of 3rd period - Shot by Marcus Foligno.
4:45 of 3rd period - Stopped by Carter Hart without a rebound.
4:46 of 3rd period - Tomas Hertl wins face-off versus Curtis Lazar in Blues zone.
4:47 of 3rd period - Shot by Jake Evans.
4:47 of 3rd period - Shot Misses the Net.
4:59 of 3rd period - Shot by Curtis Lazar.
4:59 of 3rd period - Shot Misses the Net.
5:24 of 3rd period - Anthony DeAngelo is hit by Sean Walker and loses puck.
5:44 of 3rd period - Shot by Clayton Keller.
5:44 of 3rd period - Stopped by Thomas Greiss without a rebound.
5:45 of 3rd period - Tomas Hertl wins face-off versus Curtis Lazar in Golden Knights zone.
6:20 of 3rd period - Icing by Miro Heiskanen.
6:21 of 3rd period - Alex Newhook wins face-off versus Tomas Hertl in Golden Knights zone.
6:35 of 3rd period - Alex Newhook is hit by Miro Heiskanen and loses puck.
6:56 of 3rd period - Shot by Clayton Keller.
6:56 of 3rd period - Stopped by Thomas Greiss without a rebound.
6:57 of 3rd period - Derek Grant wins face-off versus Sean Monahan in Golden Knights zone.
7:32 of 3rd period - Shot by Adam Boqvist.
7:32 of 3rd period - Stopped by Carter Hart with a rebound.
7:34 of 3rd period - Shot by Derek Grant.
7:34 of 3rd period - Goal by Derek Grant - Blues : 4 - Golden Knights : 5.
7:35 of 3rd period - Curtis Lazar wins face-off versus Kirby Dach in neutral zone.
7:43 of 3rd period - Off-side.
7:44 of 3rd period - Curtis Lazar wins face-off versus Tomas Hertl in neutral zone.
7:44 of 3rd period - Jack Eichel is hit by T.J. Oshie and loses puck.
8:01 of 3rd period - Shot by Jack Eichel.
8:01 of 3rd period - Shot Blocked by Miro Heiskanen.
8:13 of 3rd period - Shot by Marcus Foligno.
8:13 of 3rd period - Shot Misses the Net.
8:46 of 3rd period - Icing by Cale Makar.
8:47 of 3rd period - Jack Roslovic wins face-off versus Craig Smith in Blues zone.
8:48 of 3rd period - Shot by Mark Stone.
8:48 of 3rd period - Stopped by Carter Hart without a rebound.
8:49 of 3rd period - Sean Monahan wins face-off versus Jack Roslovic in Blues zone.
8:54 of 3rd period - Shot by Mark Stone.
8:54 of 3rd period - Shot Blocked by Cale Makar.
8:56 of 3rd period - Shot by Jakob Chychrun.
8:56 of 3rd period - Stopped by Carter Hart without a rebound.
8:57 of 3rd period - Jack Roslovic wins face-off versus Alex Newhook in Blues zone.
9:00 of 3rd period - Shot by Mark Stone.
9:00 of 3rd period - Stopped by Carter Hart without a rebound.
9:01 of 3rd period - Alex Newhook wins face-off versus Jack Roslovic in Blues zone.
9:01 of 3rd period - Minor Penalty to Jack Roslovic for Hooking.
9:02 of 3rd period - Jake Evans wins face-off versus Logan Couture in Golden Knights zone.
10:13 of 3rd period - Shot by Yanni Gourde.
10:13 of 3rd period - Stopped by Thomas Greiss with a rebound.
10:15 of 3rd period - Shot by Cale Makar.
10:15 of 3rd period - Deflect By Alex Newhook.
10:15 of 3rd period - Shot Misses the Net.
11:04 of 3rd period - Shot by Alec Martinez.
11:04 of 3rd period - Stopped by Thomas Greiss with a rebound.
11:06 of 3rd period - Shot by Filip Hronek.
11:06 of 3rd period - Stopped by Thomas Greiss without a rebound.
11:07 of 3rd period - Tomas Hertl wins face-off versus Alex Newhook in Golden Knights zone.
11:19 of 3rd period - Off-side.
11:20 of 3rd period - Jack Roslovic wins face-off versus Sean Monahan in neutral zone.
12:26 of 3rd period - Minor Penalty to Clayton Keller for Charging.
12:27 of 3rd period - Auston Matthews wins face-off versus Jack Roslovic in Blues zone.
12:27 of 3rd period - Auston Matthews is hit by Marcus Foligno.
12:41 of 3rd period - Minor Penalty to Marcus Foligno for Roughing.
12:42 of 3rd period - Logan Couture wins face-off versus Mark Stone in Golden Knights zone.
12:47 of 3rd period - Shot by Logan Couture.
12:47 of 3rd period - Stopped by Thomas Greiss without a rebound.
12:48 of 3rd period - Tomas Hertl wins face-off versus Logan Couture in Golden Knights zone.
12:48 of 3rd period - Tomas Hertl is hit by Auston Matthews.
12:54 of 3rd period - Logan Couture is hit by Mark Stone and loses puck.
13:01 of 3rd period - Jakob Chychrun is hit by Auston Matthews.
14:35 of 3rd period - Shot by Jack Eichel.
14:35 of 3rd period - Stopped by Thomas Greiss with a rebound.
14:58 of 3rd period - Shot by Yanni Gourde.
14:58 of 3rd period - Deflect By Craig Smith.
14:58 of 3rd period - Shot Misses the Net.
15:06 of 3rd period - Shot by Derek Grant.
15:06 of 3rd period - Shot Misses the Net.
15:39 of 3rd period - Shot by Adam Boqvist.
15:39 of 3rd period - Shot Misses the Net.
15:41 of 3rd period - Shot by Jake Evans.
15:41 of 3rd period - Stopped by Carter Hart without a rebound.
15:42 of 3rd period - Alex Newhook wins face-off versus Tomas Hertl in Blues zone.
15:42 of 3rd period - Alex Newhook is hit by T.J. Oshie.
15:53 of 3rd period - Carson Soucy is hit by Jakob Chychrun.
15:55 of 3rd period - Shot by Miles Wood.
15:55 of 3rd period - Shot Misses the Net.
16:15 of 3rd period - Shot by T.J. Oshie.
16:15 of 3rd period - Shot Misses the Net.
16:19 of 3rd period - Shot by Marcus Foligno.
16:19 of 3rd period - Stopped by Carter Hart without a rebound.
16:20 of 3rd period - Jack Roslovic wins face-off versus Curtis Lazar in Blues zone.
16:51 of 3rd period - Shot by Logan Couture.
16:51 of 3rd period - Shot Blocked by Miro Heiskanen.
17:01 of 3rd period - Shot by Jack Eichel.
17:01 of 3rd period - Goal by Jack Eichel - Blues : 5 - Golden Knights : 5.
17:02 of 3rd period - Tomas Hertl wins face-off versus Alex Newhook in neutral zone.
17:09 of 3rd period - Shot by Marcus Foligno.
17:09 of 3rd period - Stopped by Carter Hart with a rebound.
17:11 of 3rd period - Shot by Marcus Foligno.
17:11 of 3rd period - Shot Blocked by Anthony DeAngelo.
17:25 of 3rd period - Shot by Tomas Hertl.
17:25 of 3rd period - Stopped by Carter Hart without a rebound.
17:26 of 3rd period - Sean Monahan wins face-off versus Jake Evans in Blues zone.
17:26 of 3rd period - Yanni Gourde is hit by Vladislav Namestnikov and loses puck.
17:47 of 3rd period - Sean Monahan is hit by Adam Boqvist and loses puck.
17:59 of 3rd period - Sean Monahan is hit by Adam Boqvist and loses puck.
18:20 of 3rd period - Shot by Jack Eichel.
18:20 of 3rd period - Shot Blocked by Jakob Chychrun.
18:22 of 3rd period - Shot by Logan Couture.
18:22 of 3rd period - Shot Misses the Net.
18:24 of 3rd period - Shot by Logan Couture.
18:24 of 3rd period - Stopped by Thomas Greiss with a rebound.
18:26 of 3rd period - Shot by Cale Makar.
18:26 of 3rd period - Stopped by Thomas Greiss with a rebound.
18:28 of 3rd period - Shot by Logan Couture.
18:28 of 3rd period - Shot Misses the Net.
18:30 of 3rd period - Shot by Logan Couture.
18:30 of 3rd period - Shot Misses the Net.
18:39 of 3rd period - Double Minor Penalty to Jakob Chychrun for Slashing.
18:40 of 3rd period - Derek Grant wins face-off versus Auston Matthews in Golden Knights zone.
18:54 of 3rd period - Jack Roslovic is hit by Kris Letang and loses puck.
19:25 of 3rd period - Icing by Kris Letang.
19:26 of 3rd period - Jake Evans wins face-off versus Auston Matthews in Blues zone.
Goals for this period are 1 for Blues vs 1 for Golden Knights.
Shots for this period are 10 for Blues vs 11 for Golden Knights.

Overtime #1


0:01 of 1st overtime period - Derek Grant wins face-off versus Auston Matthews in neutral zone.
0:28 of 1st overtime period - Shot by Auston Matthews.
0:28 of 1st overtime period - Shot Misses the Net.
0:34 of 1st overtime period - Shot by Yanni Gourde.
0:34 of 1st overtime period - Stopped by Thomas Greiss without a rebound.
0:35 of 1st overtime period - Derek Grant wins face-off versus Logan Couture in Golden Knights zone.
0:51 of 1st overtime period - Shot by Kris Letang.
0:51 of 1st overtime period - Shot Blocked by Zach Werenski.
1:03 of 1st overtime period - Shot by Clayton Keller.
1:03 of 1st overtime period - Goal by Clayton Keller - Blues : 6 - Golden Knights : 5.
Goals for this period are 1 for Blues vs 0 for Golden Knights.
Shots for this period are 2 for Blues vs 0 for Golden Knights.